 Dungeon Crawl Stone Soup version 0.27.1-2-g3b301248ec (webtiles) character file.

Game seed: 7902696325254796620

44 cummra the Digger (level 3, -1/19 HPs)
             Began as a Gargoyle Earth Elementalist on Sept 25, 2021.
             Slain by Grinder (2 damage)
             ... on level 3 of the Dungeon.
             The game lasted 00:05:00 (2234 turns).

cummra the Digger (Gargoyle Earth Elementalist)     Turns: 2234, Time: 00:05:00

Health: -1/19      AC:  6    Str: 11    XL:     3   Next: 60%
Magic:  1/7        EV: 11    Int: 16    God:
Gold:   29         SH:  0    Dex: 10    Spells: 3/7 levels left

rFire    . . .     SeeInvis .   g - +0 club
rCold    . . .     Faith    .   (no shield)
rNeg     + . .     Spirit   .   b - +1 robe
rPois    ∞         Reflect  .   (no helmet)
rElec    +         Harm     .   (no cloak)
rCorr    .         Rampage  .   (no gloves)
Will     .....                  (no boots)
Stlth    ++........             (no amulet)
HPRegen  0.06/turn              (no ring)
MPRegen  0.10/turn              (no ring)

@: no status effects
A: sickness immunity, AC +3, negative energy resistance 1, electricity
resistance, torment resistance 1, petrification resistance
a: no special abilities


You were on level 3 of the Dungeon.
You visited 1 branch of the dungeon, and saw 3 of its levels.

You collected 29 gold pieces.

Inventory:

Hand Weapons
 g - a +0 club (weapon)
Missiles
 c - 48 stones
Armour
 b - a +1 robe (worn)
 e - a +0 buckler
Jewellery
 d - a ring of fire
Wands
 a - a wand of paralysis (10)
Scrolls
 i - a scroll of teleportation


   Skills:
 - Level 1.5 Dodging
 - Level 2.1 Stealth
 + Level 2.9 Spellcasting
 - Level 0.7 Transmutations
 + Level 4.6 Earth Magic


You had 3 spell levels left.
You knew the following spells:

 Your Spells              Type           Power      Damage    Failure   Level
a - Sandblast             Erth           34%        2d9       2%          1
b - Stone Arrow           Conj/Erth      18%        3d8       22%         3

Your spell library contained the following spells:

 Spells                   Type           Power      Damage    Failure   Level
 Passwall                 Tmut/Erth      8%         N/A       10%         2
 Petrify                  Tmut/Erth      10%        N/A       54%         4


Dungeon Overview and Level Annotations

Branches:
Dungeon (3/15)

Altars:
Makhleb

Shops:
D:1 :   D:3 *

Annotations:
D:3 Grinder


Innate Abilities, Weirdness & Mutations

You are immune to sickness and miasma.
Your stone body is resilient. (AC +3)
You are immune to poison.
You resist negative energy. (rN+)
You are resistant to electric shocks. (rElec)
You are resistant to unholy torment.
You are immune to petrification.


Message History

The blast of sand hits Grinder!
Grinder is heavily wounded.
Grinder hits you.
You writhe in agony.
* * * LOW HITPOINT WARNING * * *
Casting: Sandblast (safe; 2% risk of failure)
Confirm with . or Enter, or press ? or * to list all spells.
Aiming: Sandblast (safe; 2% risk of failure)
Press: ? - help, Shift-Dir - straight line, f/p - Grinder
Aim: Grinder (heavily wounded, 77% to hit)
The blast of sand hits Grinder but does no damage.
Grinder is heavily wounded.
Grinder gestures at you. Pain shoots through your body!
* * * LOW HITPOINT WARNING * * *
Casting: Sandblast (safe; 2% risk of failure)
Confirm with . or Enter, or press ? or * to list all spells.
Aiming: Sandblast (safe; 2% risk of failure)
Press: ? - help, Shift-Dir - straight line, f/p - Grinder
Aim: Grinder (heavily wounded, 77% to hit)
The blast of sand misses Grinder.
Grinder closely misses you.
Casting: Sandblast (safe; 2% risk of failure)
Confirm with . or Enter, or press ? or * to list all spells.
Aiming: Sandblast (safe; 2% risk of failure)
Press: ? - help, Shift-Dir - straight line, f/p - Grinder
Aim: Grinder (heavily wounded, 77% to hit)
The blast of sand hits Grinder!
Grinder is almost dead.
Grinder hits you but does no damage.
Casting: Sandblast (safe; 2% risk of failure)
Confirm with . or Enter, or press ? or * to list all spells.
You don't have enough magic to cast this spell.
You hit Grinder but do no damage.
Grinder is almost dead.
Grinder hits you but does no damage.
You completely miss Grinder.
Grinder is almost dead.
Grinder hits you.
* * * LOW HITPOINT WARNING * * *
You writhe in agony.
You die...

**,** *,* #.(#
#.####..#.#
*,,,*** *,*
#..###.........#
*,*,,,* *,*
#...............
*,,,*,* *,*
#..######...#.##
*****,* *,*
#..## #.###.#
*,* *,* #...##
#.# #.## *,* *,*
#....# #.# #..#
*,*
*.########....#
#.# ##.# *,*
*......5@..##.#
#.####.# *,*
*############.#
#.##.... *,* #.#
#.##.### *,*
#.####....# #
*,*
#.......#.###
*,*********
######.##....
*,,,,,,,,,*
#.####.#
*********,* #.#
#.# *,,,,,,,,,*
#.# #.#


You could see Grinder.

Vanquished Creatures
  An adder (D:2)
  A worm (D:2)
  An orc (D:3)
  3 bats
  2 endoplasms
  2 giant cockroaches
  6 goblins
  A hobgoblin (D:2)
  2 jackals (D:1)
  2 quokkas (D:1)
  A ball python (D:2)
  A frilled lizard (D:1)
  3 kobolds
  2 rats (D:2)
28 creatures vanquished.

Notes
Turn   | Place    | Note
-------+----------+-------------------------------------------
     0 | D:1      | cummra the Gargoyle Earth Elementalist began the quest for
                  | the Orb.
     0 | D:1      | Reached XP level 1. HP: 10/10 MP: 3/3
   163 | D:1      | Found Kuff's Book Boutique.
   224 | D:1      | Reached skill level 4 in Earth Magic
   224 | D:1      | Reached XP level 2. HP: 15/15 MP: 3/5
   558 | D:1      | Found a faded altar of an unknown god.
   934 | D:2      | Reached XP level 3. HP: 9/19 MP: 0/7
  2055 | D:3      | Learned a level 3 spell: Stone Arrow
  2092 | D:3      | Found Hele's Assorted Antiques.
  2125 | D:3      | Found a burning altar of Makhleb.
  2136 | D:3      | Noticed a cacodemon
  2221 | D:3      | Noticed Grinder
  2234 | D:3      | Slain by Grinder

Illustrated notes

Levels and vault maps discovered:
D:1:      dpeg_arrival_simpleton_a, layout_loops_ring,
          chequers_ecumenical_altar_grove, serial_shops, shop
D:2:      layout_basic
D:3:      layout_loops_ring, makhleb_altar_promises_db, serial_shops, shop,
          supply_closet_lemuel, uniq_grinder

Skill      XL: |  1 |
---------------+----+-----
Earth Magic    | 4 |  4.6
Dodging        | |  1.5
Stealth        | |  2.1
Spellcasting   | |  2.9
Transmutations | |  0.7

Action                   || total
-------------------------++-------
Melee: Unarmed           ||    20
       Club              ||    28
 Cast: Sandblast         ||    39
  Use: Scroll            ||     5
 Stab: Sleeping          ||     1
Armor: Robe              ||    31
Dodge: Dodged            ||    47
